 Dungeon Crawl Stone Soup version 0.29.1-12-g30fa7ad0bf (webtiles) character file.

Game seed: 8045451599482585625

550 Peloso the Slasher (level 7, -1/59 (61) HPs)
             Began as a Minotaur Fighter on Dec 26, 2022.
             Slain by an ogre
             ... wielding a +0 giant club
              (15 damage)
             ... on level 4 of the Dungeon.
             The game lasted 00:06:17 (3582 turns).

Peloso the Slasher (Minotaur Fighter)               Turns: 3582, Time: 00:06:18

HP:   -1/59 (61)    AC: 10    Str: 21    XL:     7   Next: 7%
MP:   6/6           EV:  8    Int:  5    God:
Gold: 121           SH:  5    Dex: 11    Spells: 6/6 levels left

rFire   . . .      SeeInvis .   a - +1 long sword (vorpal)
rCold   . . .      Faith    .   d - +0 buckler
rNeg    . . .      Spirit   .   c - +0 chain mail
rPois   .          Reflect  .   (helmet restricted)
rElec   .          Harm     .   (no cloak)
rCorr   .          Rampage  .   (no gloves)
Will    .....                   (no boots)
Stlth   ..........              (no amulet)
HPRegen 0.19/turn               (no ring)
MPRegen 0.10/turn               (no ring)

@: lightly drained
A: horns 2, retaliatory headbutt
a: no special abilities


You were on level 4 of the Dungeon.
You visited 1 branch of the dungeon, and saw 4 of its levels.

You collected 121 gold pieces.

Inventory:

Hand Weapons
 a - a +1 vorpal long sword (weapon)
Armour
 b - a +0 scale mail
 c - a +0 chain mail (worn)
 d - a +0 buckler (worn)
Scrolls
 e - a scroll of acquirement
 j - a scroll of fear
Potions
 f - 3 potions of degeneration {unknown}
 g - a potion of berserk rage {unknown}
 h - a potion of cancellation {unknown}
 i - 2 potions of curing
 k - a potion of flight {unknown}
 l - 2 potions of lignification {unknown}
 m - 2 potions of attraction {unknown}
 n - a potion of ambrosia {unknown}
 o - 2 potions of might
 p - a potion of magic {unknown}


   Skills:
 + Level 5.0 Fighting
 + Level 5.8 Long Blades
 + Level 5.6 Armour
 + Level 2.0 Dodging
 + Level 0.5 Stealth
 + Level 5.0 Shields


You had 6 spell levels left.
You didn't know any spells.
Your spell library contained the following spells:

 Spells                   Type           Power      Damage    Failure   Level
 Necrotise                Necr           0%         1d4       99%         1
 Ensorcelled Hibernation  Hex/Ice        0%         N/A       100%        2
 Passwall                 Tmut/Erth      0%         N/A       100%        2
 Poisonous Vapours        Pois/Air       0%         N/A       100%        2
 Swiftness                Air            0%         N/A       100%        3
 Vampiric Draining        Necr           0%         2d6       100%        3
 Corpse Rot               Necr/Pois/Air  0%         N/A       100%        4
 Agony                    Necr           0%         N/A       100%        5


Dungeon Overview and Level Annotations

Branches:
Dungeon (4/15)
 Temple: D:4-7

Altars:
Elyvilon
Fedhas
Kikubaaqudgha


Innate Abilities, Weirdness & Mutations

You have a pair of horns on your head.
You reflexively headbutt those who attack you in melee.


Message History

HP restored.
You climb downwards.
The orc completely misses you.
There is a stone staircase leading up, spattered with blood here.
The orc closely misses you.
You climb upwards.
There is a stone staircase leading down here.
Things that are here:
a +2 robe of fire resistance; a +0 dagger; an orc corpse You hit the orc.
The orc is moderately wounded.
The orc hits you with a +0 trident.
You barely miss the orc.
The orc is moderately wounded.
The orc hits you but does no damage.
You hit the orc but do no damage.
The orc is moderately wounded.
The orc misses you. You furiously retaliate!
You headbutt the orc. The orc barely misses you.
You hit the orc.
You kill the orc!
Things that are here:
a +0 trident; a +0 ring mail
There is a stone staircase leading down here.
Things that are here:
a +2 robe of fire resistance; a +0 dagger; an orc corpse You climb downwards.
The ogre hits you with a +0 giant club!
There is a stone staircase leading up, spattered with blood here.
You hit the ogre. You headbutt the ogre.
The ogre is moderately wounded.
The ogre hits you with a +0 giant club!
You hit the ogre. You headbutt the ogre.
The ogre is heavily wounded.
The ogre hits you with a +0 giant club!
* * * LOW HITPOINT WARNING * * *
You hit the ogre but do no damage. You headbutt the ogre.
The ogre is severely wounded.
You barely miss the ogre. You headbutt the ogre!
The ogre is almost dead.
The ogre hits you with a +0 giant club!
You die...

..# ..# .#
###.##.# ..#
#.<....# ... ##
##)##.##..
##.###. ##.....#
.
.......###).#####
.. #.O##[[)).#
... #.....###@#
....#.#...[.O.#
......#.#####..#
......?.# .....#
.......o#
...##....
..........#.###
.#########
.........##o #. #
#....#
............ ..
#[)..#
..#####...###.#
#.<..#


You could see an orc warrior and an ogre.

Vanquished Creatures
  Sigmund (D:3)
  Edmund (D:3)
  A hound (D:4)
  A jelly (D:4)
  An iguana (D:4)
  2 orc wizards
  Robin (D:4)
  An adder (D:3)
  2 worms (D:2)
  4 dart slugs
  11 orcs
  7 endoplasms
  3 giant cockroaches
  10 goblins
  9 hobgoblins
  4 jackals (D:2)
  6 quokkas
  8 ball pythons
  12 bats
  2 frilled lizards
  6 kobolds
  6 rats
99 creatures vanquished.

Notes
Turn   | Place    | Note
-------+----------+-------------------------------------------
     0 | D:1      | Peloso the Minotaur Fighter began the quest for the Orb.
     0 | D:1      | Reached XP level 1. HP: 19/19 MP: 0/0
   146 | D:1      | Reached XP level 2. HP: 24/27 MP: 1/1
   669 | D:1      | Reached XP level 3. HP: 33/33 MP: 2/2
  1008 | D:1      | Identified a scroll of acquirement
  1045 | D:2      | Found an ancient bone altar of Kikubaaqudgha.
  1498 | D:2      | Found a faded altar of an unknown god.
  1831 | D:3      | Noticed Sigmund
  1834 | D:3      | Killed Sigmund
  1835 | D:3      | Reached skill level 1 in Dodging
  1835 | D:3      | Reached XP level 4. HP: 41/41 MP: 3/3
  1835 | D:3      | Reached XP level 5. HP: 47/47 MP: 4/4
  1864 | D:3      | Found a white marble altar of Elyvilon.
  1929 | D:3      | Found a blossoming altar of Fedhas.
  2552 | D:3      | Reached XP level 6. HP: 50/53 MP: 5/5
  2567 | D:4      | Reached skill level 5 in Long Blades
  2628 | D:4      | Noticed an orc warrior
  2852 | D:4      | Noticed Robin
  2863 | D:4      | Noticed Edmund
  2864 | D:4      | Reached skill level 5 in Armour
  2872 | D:4      | Killed Robin
  3031 | D:3      | Killed Edmund
  3032 | D:3      | Reached skill level 5 in Fighting
  3032 | D:3      | Reached skill level 5 in Shields
  3183 | D:4      | Reached XP level 7. HP: 54/58 MP: 6/6
  3582 | D:4      | Slain by an ogre

Illustrated notes

Levels and vault maps discovered:
D:1:      evilmike_arrival_rings, layout_loops_ring
D:2:      layout_basic, dreamdust_ecumenical_altar_angels_and_demons,
          basic_altar, serial_curves, eino_curves_03, eino_curves_02
D:3:      layout_basic, mainiacjoe_overflow_large_starburst, st_stairs_12,
          minmay_misc_feat_tiny, uniq_sigmund
D:4:      layout_rooms, ebering_ghost_rock_garden, uniq_edmund, uniq_robin,
          uniq_grinder

Skill      XL: |  1  2  3  4  5  6 |
---------------+-------------------+-----
Fighting       | 4 5 |  5.0
Armour         | 4 5 |  5.6
Shields        | 4 5 |  5.0
Long Blades    | 4 5 |  5.8
Dodging        | 1 2 |  2.0
Stealth        | |  0.5

Action                   |  1- 3 |  4- 6 |  7- 9 || total
-------------------------+-------+-------+-------++-------
Melee: Long sword        |   110 |    94 |    40 ||   244
       Headbutt          |    19 |    15 |     6 ||    40
  Use: Scroll            |     7 |       |       ||     7
       Potion            |     1 |       |     2 ||     3
Armor: Scale mail        |    66 |    29 |       ||    95
       Chain mail        |       |    57 |    33 ||    90
Dodge: Dodged            |    71 |    62 |    19 ||   152
Block: Buckler           |    22 |    38 |     3 ||    63
